 Dungeon Crawl Stone Soup version 0.23.2-1-ga50397a (webtiles) character file.

Game seed: 3963883261409721234

1455 Aske the Chopper (level 8, -2/61 HPs)
             Began as a Ghoul Gladiator on May 4, 2019.
             Slain by a wight
             ... wielding a +5 hand axe
              (3 damage)
             ... on level 6 of the Dungeon.
             The game lasted 00:12:49 (3273 turns).

Aske the Chopper (Ghoul Gladiator)                  Turns: 3273, Time: 00:12:49

Health: -2/61      AC: 11    Str: 18    XL:     8   Next: 76%
Magic:  7/7        EV: 12    Int:  3    God:
Gold:   302        SH:  0    Dex: 12    Spells: 7/7 levels left

rFire    . . .     SeeInvis .   l - +0 hand axe (drain)
rCold    + . .     Gourm    .   (no shield)
rNeg     + + +     Faith    .   q - +0 scale mail
rPois    ∞         Spirit   .   y - +1 helmet
rElec    .         Reflect  .   n - +0 cloak
rCorr    .         Harm     .   (no gloves)
MR       +....                  (no boots)
Stlth    ..........             (no amulet)
HPRegen  0.00/turn              o - ring of protection from magic
MPRegen  0.10/turn              (no ring)

@: rotting
A: rotting body, claws 1, carnivore, cold resistance 1, negative energy
resistance 3, inhibited regeneration, torment resistance, unbreathing
a: no special abilities


You were on level 6 of the Dungeon.
You were not hungry.

You visited 1 branch of the dungeon, and saw 6 of its levels.

You collected 302 gold pieces.

Inventory:

Hand Weapons
 a - a +0 war axe
 b - a +1 vampiric war axe
 l - a +0 hand axe of draining (weapon)
Missiles
 d - 2 throwing nets (quivered)
Armour
 n - a +0 cloak (worn)
 q - a +0 scale mail (worn)
 y - a +1 helmet (worn)
Jewellery
 o - a ring of protection from magic (left claw)
Wands
 g - a wand of scattershot (4)
 C - a wand of polymorph (10)
Scrolls
 e - a scroll of teleportation
 h - 2 scrolls of remove curse
 k - 3 scrolls of amnesia
 m - 3 scrolls of enchant weapon
 x - a scroll of fear
Potions
 r - a potion of might
 t - 3 potions of brilliance
 v - 3 potions of flight
 z - a potion of agility
Comestibles
 f - 8 rations


   Skills:
 - Level 2.1 Fighting
 * Level 6.7 Axes
 - Level 1.7 Throwing
 * Level 5.9 Armour
 + Level 5.0 Dodging


You had 7 spell levels left.
You didn't know any spells.
Your spell library was empty.

Dungeon Overview and Level Annotations

Branches:
Dungeon (6/15)
 Temple: D:4-7

Altars:

Shops:
D:5 [


Innate Abilities, Weirdness & Mutations

Your body is rotting away.
You thrive on raw meat.
You are immune to poison.
You have sharp fingernails.
You are carnivorous and can eat meat at any time.
Your flesh is cold resistant. (rC+)
You are immune to negative energy. (rN+++)
You do not regenerate when monsters are visible.
You are immune to unholy pain and torment.
You can survive without breathing.


Message History

You hit the wight but do no damage. You hit the wight.
The wight barely misses you. The wight hits you but does no damage.
The wight hits you but does no damage.
Things that are here:
a +4 halberd; a cursed +0 robe You hit the wight but do no damage.
The wight is almost destroyed.
Your scale mail prevents you from hitting the wight.
The wight hits you but does no damage. The wight closely misses you.
You barely miss the wight.
The wight is almost destroyed.
You hit the wight. The wight hits you but does no damage.
The wight barely misses you.
You hit the wight.
The wight is moderately damaged.
You hit the wight but do no damage. The wight hits you but does no damage.
You barely miss the wight.
The wight is moderately damaged.
You hit the wight but do no damage. The wight hits you with a +5 hand axe.
You die...

....... #......$..
###......... .
#.........# ..
#.........# ...
#>........###..#
######((...........
###.........).....#
####...####....z@....#
......#####.....z....#
#..##....########.<#.###
#.
####....###..........# .
####>##....###.####
#......## ..# ##.....#
#(# ...###.# .. #..##
#..#


You could see 2 wights.

Vanquished Creatures
  A sky beast (D:6)
  2 ogres
  A centaur (D:5)
  A big kobold (D:5)
  Blork the orc (D:6)
  A bullfrog (D:5)
  3 scorpions (D:5)
  3 wights (D:6)
  3 crimson imps (D:5)
  A hound (D:6)
  2 jellies
  2 orc wizards
  3 iguanas
  4 worker ants
  8 adders
  3 shadow imps (D:5)
  3 oozes
  4 worms
  2 dart slugs
  4 leopard geckos
  9 orcs
  4 bats
  4 giant cockroaches
  9 hobgoblins
  3 jackals (D:4)
  13 kobolds
  3 quokkas
  A ball python (D:5)
  5 frilled lizards
  8 goblins
  9 rats
120 creatures vanquished.

Notes
Turn   | Place    | Note
-------+----------+-------------------------------------------
     0 | D:1      | Aske the Ghoul Gladiator began the quest for the Orb.
     0 | D:1      | Reached XP level 1. HP: 17/17 MP: 0/0
   159 | D:1      | Reached XP level 2. HP: 18/24 MP: 1/1
   210 | D:1      | Reached skill level 3 in Axes
   215 | D:1      | Reached skill level 1 in Armour
   312 | D:1      | Reached XP level 3. HP: 29/29 MP: 2/2
  1002 | D:2      | Reached XP level 4. HP: 35/36 MP: 3/3
  1650 | D:3      | Reached XP level 5. HP: 38/41 MP: 4/4
  1767 | D:3      | Reached skill level 4 in Axes
  2194 | D:4      | Noticed an ogre
  2207 | D:4      | Killed an ogre
  2207 | D:4      | Reached XP level 6. HP: 39/48 MP: 5/5
  2569 | D:5      | Entered Level 5 of the Dungeon
  2585 | D:5      | Reached XP level 7. HP: 17/55 MP: 6/6
  2596 | D:5      | Reached skill level 5 in Axes
  2784 | D:5      | Found Gaugyiq's Antique Armour Shop.
  2797 | D:5      | Reached XP level 8. HP: 49/61 MP: 7/7
  2832 | D:5      | Reached skill level 5 in Armour
  2895 | D:5      | Reached skill level 6 in Axes
  3202 | D:6      | Noticed Blork the orc
  3208 | D:6      | Killed Blork the orc
  3249 | D:6      | Reached skill level 5 in Dodging
  3266 | D:6      | HP: 1/61 [wight/+4 halberd (9)]
  3273 | D:6      | Slain by a wight

Skill      XL: |  1  2  3  4  5  6  7  8 |
---------------+-------------------------+-----
Axes           | 3 4 5 6 |  6.7
Armour         | 1 2 3 4 5 |  5.9
Dodging        | 3 4 5 |  5.0
Fighting       | |  2.1
Throwing       | |  1.7

Action                   |  1- 3 |  4- 6 |  7- 9 || total
-------------------------+-------+-------+-------++-------
Melee: War axe           |   126 |   198 |   165 ||   489
       Hand axe          |       |       |    33 ||    33
Throw: Throwing net      |       |     2 |       ||     2
  Use: Scroll            |       |       |    16 ||    16
       Potion            |       |       |     3 ||     3
 Stab: Held in net/web   |       |     1 |       ||     1
  Eat: Chunk             |     6 |    17 |    10 ||    33
Armor: Leather armour    |    31 |       |       ||    31
       Scale mail        |    18 |    99 |   141 ||   258
Dodge: Dodged            |   105 |   134 |   162 ||   401
